 Dungeon Crawl Stone Soup version 0.30-a0-778-g2ef04afb54 (webtiles) character file.

Game seed: 8284675953557266808

7616 Kenran the Basher (level 10, 0/92 HPs)
             Began as an Armataur Fighter on Feb 16, 2023.
             Was a Follower of Okawaru.
             Slain by a komodo dragon (19 damage)
             ... on level 11 of the Dungeon.
             The game lasted 00:24:30 (10871 turns).

Kenran the Basher (Armataur Fighter)               Turns: 10871, Time: 00:24:31

Health: 0/92       AC: 13    Str: 31    XL:     10   Next: 98%
Magic:  13/13      EV:  5    Int:  9    God:    Okawaru [*.....]
Gold:   719        SH:  4    Dex: 10    Spells: 9/9 levels left

rFire   . . .      SeeInvis .    a - +1 whip (elec)
rCold   . . .      Faith    .    c - +0 buckler
rNeg    . . .      Spirit   .    s - +0 plate armour
rPois   .          Reflect  .    h - +0 helmet
rElec   .          Harm     .    r - +0 cloak
rCorr   +          Roll     +    (no gloves)
Will    .....                    (no barding) Stlth
                                 (no amulet)
HPRegen 0.35/turn                b - +6 ring of strength
MPRegen 0.13/turn                d - ring of resist corrosion

@: no status effects
A: large, rugged brown scales 3, deformed body, armoured tail, roll, long
tongue, awkward tongue
a: Renounce Religion, Heroism


You were on level 11 of the Dungeon.
You worshipped Okawaru.
Okawaru was aware of your devotion.
You visited 2 branches of the dungeon, and saw 12 of its levels.

You collected 719 gold pieces.

Inventory:

Hand Weapons
 a - a +1 whip of electrocution (weapon)
Armour
 c - a +0 buckler (worn)
 h - a +0 helmet (worn)
 r - a +0 cloak (worn)
 s - a +0 plate armour (worn)
Jewellery
 b - a +6 ring of strength (left hand)
 d - a ring of resist corrosion (right hand)
 u - a ring of flight
 F - a ring of positive energy
 I - an amulet of reflection
Wands
 p - a wand of paralysis (8)
 t - a wand of quicksilver (4)
 w - a wand of digging (6)
 x - a wand of flame (63)
 E - a wand of mindburst (4)
Scrolls
 f - a scroll of magic mapping
 j - 2 scrolls of blinking
 m - a scroll of immolation {!r}
 o - 2 scrolls of enchant armour
 q - a scroll of fear
 y - a scroll of vulnerability {!r}
 A - a scroll of brand weapon {unknown}
 B - a scroll of butterflies {unknown}
 C - a scroll of silence {unknown}
 G - a scroll of amnesia {unknown}
Potions
 e - 2 potions of invisibility {unknown}
 g - 4 potions of ambrosia {unknown}
 i - 4 potions of curing {@q1}
 k - 2 potions of haste
 l - 2 potions of heal wounds {@q2}
 n - 2 potions of attraction {unknown}
 v - a potion of flight {unknown}
 z - a potion of lignification {unknown}
 D - a potion of brilliance {unknown}


   Skills:
 + Level 7.0 Fighting
 * Level 11.1 Maces & Flails
 - Level 3.7 Polearms
 - Level 6.0 Armour
 + Level 3.5 Shields
 + Level 4.1 Invocations
 - Level 6.0 Evocations


You had 9 spell levels left.
You didn't know any spells.
Your spell library contained the following spells:

 Spells                   Type           Power      Damage    Failure   Level
 Foxfire                  Conj/Fire      0%         2x1d4     99%         1
 Slow                     Hex            0%         N/A       99%         1
 Confusing Touch          Hex            0%         N/A       100%        3
 Hailstorm                Conj/Ice       0%         3d3       100%        3
 Portal Projectile        Hex/Tloc       0%         N/A       100%        3
 Stone Arrow              Conj/Erth      0%         3d7       100%        3
 Vampiric Draining        Necr           0%         2d6       100%        3
 Ice Form                 Ice/Tmut       0%         N/A       100%        4
 Blade Hands              Tmut           0%         N/A       100%        5
 Fireball                 Conj/Fire      0%         3d3       100%        5
 Irradiate                Conj/Tmut      0%         3d11      100%        5
 Starburst                Conj/Fire      0%         6d3       100%        6
 Dragon Form              Tmut           0%         N/A       100%        7
 Lehudib's Crystal Spear  Conj/Erth      0%         10d2      100%        8
 Tukima's Dance           Hex            Unusable   N/A       N/A         3
 Animate Armour           Summ/Erth      Unusable   N/A       N/A         4
 Simulacrum               Ice/Necr       Unusable   N/A       N/A         6

Dungeon Overview and Level Annotations

Branches:
Dungeon (11/15)            Temple (1/1) D:5             Orc (0/2) D:9
   Lair: D:8-11

Altars:
Ashenzari
Cheibriados
Dithmenos
Elyvilon
Fedhas
Gozag
Hepliaklqana
Kikubaaqudgha
Makhleb
Nemelex Xobeh
Okawaru
Qazlal
Ru
Sif Muna
Trog
Uskayaw
Vehumet
Wu Jian
Xom
Yredelemnul
Zin
The Shining One

Shops:
D:10 !

Annotations:
D:6 3 runed translucent doors, bezhaha's ghost, novice OgWr
D:8 3 runed translucent doors, Gastronok; toympanos's ghost, novice HuCA


Innate Abilities, Weirdness & Mutations

You are completely covered in rugged brown scales. (AC +3, +7% HP)
Armour fits poorly on your strangely shaped body.
You have a long armoured tail.
You roll when moving toward enemies. (Rampage)
Your long tongue fully drains potion bottles. (2x potion effects)
Your tongue gives you trouble enunciating. (1.5x scroll delay)


Message History

You block the komodo dragon's attack.
You feel yourself speed up.
You hit the komodo dragon but do no damage.
You block the komodo dragon's attack.
You hit the komodo dragon but do no damage.
You hit the komodo dragon. You tail-slap the komodo dragon!
The komodo dragon is moderately wounded.
The komodo dragon bites you but does no damage.
Something hits you! Something bites you.
Something draws strength from your injuries!
You barely miss the komodo dragon. You tail-slap the komodo dragon.
The komodo dragon is moderately wounded.
You hit the komodo dragon but do no damage.
The komodo dragon is moderately wounded.
The komodo dragon bites you but does no damage.
Something hits you but does no damage. Something bites you!
Something draws strength from your injuries!
You barely miss the komodo dragon.
The komodo dragon is moderately wounded.
The komodo dragon bites you. Something hits you.
Something bites you but does no damage.
You closely miss the komodo dragon.
The komodo dragon is moderately wounded.
You closely miss the komodo dragon. You tail-slap the komodo dragon.
The komodo dragon is moderately wounded.
The komodo dragon barely misses you. Something hits you! Something bites you.
* * * LOW HITPOINT WARNING * * *
Something draws strength from your injuries!
You whack the komodo dragon!
The komodo dragon is heavily wounded.
The komodo dragon bites you but does no damage.
You closely miss the komodo dragon.
The komodo dragon is heavily wounded.
Something completely misses you. Something bites you!
* * * LOW HITPOINT WARNING * * *
Something draws strength from your injuries!
You hit the komodo dragon.
The komodo dragon is heavily wounded.
The komodo dragon bites you!!
You die...

#........+ #.............
#........# #.............
###........# #...........h.
#..........# #.............
#..........# ##+#............Y
#......... ...........######
#......#########..####....#....#
##......#.......##+#..†....#...†#
.....<..'.......@l....#....#....Y
........#........{....#l..##....#
......[.#.............#...#.....#
........#.............#...'.....#
######..###############...#.....#
#... .........#.....# #....
..#'####.#.....+ #..... #
#.#.....# #.#.....#


You could see a komodo dragon.

Vanquished Creatures
  2 two-headed ogres
  Pikel (D:5)
  A troll (D:11)
  A wyvern (D:7)
  Sigmund (D:2)
  A vampire (D:9)
  2 wraiths (D:11)
  4 shadows
  A yak (D:11)
  A steam dragon (D:5)
  An acid dragon (D:8)
  2 water moccasins
  3 orc warriors
  A swamp drake (D:9)
  6 ice beasts
  An ogre (D:9)
  2 sky beasts (D:7)
  A black bear (D:6)
  A wolf (D:11)
  2 centaurs (D:9)
  Blork the orc (D:4)
  2 bullfrogs (D:7)
  3 scorpions (D:5)
  3 wights (D:9)
  13 killer bees
  3 howler monkeys (D:11)
  4 crimson imps (D:5)
  Crazy Yiuf (D:4)
  A jelly (D:7)
  An orc priest (D:5)
  6 hounds
  Ijyb (D:5)
  4 iguanas
  9 orc wizards
  Natasha (twice) (D:4)
  Robin (D:2)
  8 gnolls
  7 adders
  2 shadow imps
  2 white imps
  2 ufetubi
  A worm (D:4)
  3 dart slugs
  29 orcs
  11 ball pythons
  7 endoplasms
  2 giant cockroaches
  14 goblins
  12 hobgoblins
  9 jackals
  4 quokkas
  9 bats
  6 frilled lizards
  6 kobolds
  2 quokka zombies (D:3)
  7 rats
233 creatures vanquished.

Vanquished Creatures (others)
  2 jackals (D:5)
2 creatures vanquished.

Grand Total: 235 creatures vanquished

Notes
Turn   | Place    | Note
-------+----------+-------------------------------------------
     0 | D:1      | Kenran the Armataur Fighter began the quest for the Orb.
     0 | D:1      | Reached XP level 1. HP: 19/19 MP: 1/1
   102 | D:1      | Reached XP level 2. HP: 21/26 MP: 2/2
   355 | D:1      | Found a faded altar of an unknown god.
   543 | D:1      | Reached XP level 3. HP: 32/32 MP: 3/3
   974 | D:1      | Reached XP level 4. HP: 35/39 MP: 4/4
  1064 | D:2      | Noticed Sigmund
  1073 | D:2      | Killed Sigmund
  1074 | D:2      | Reached skill level 3 in Maces & Flails
  1074 | D:2      | Reached XP level 5. HP: 34/44 MP: 5/5
  1095 | D:2      | Identified the +0 helmet of Uggecad {Dex+3}
  1095 | D:2      | Noticed Robin
  1100 | D:2      | Killed Robin
  1114 | D:2      | Reached XP level 6. HP: 37/53 MP: 6/6
  1365 | D:2      | Reached skill level 4 in Maces & Flails
  2383 | D:3      | Found a basalt altar of Yredelemnul.
  2567 | D:4      | Noticed Natasha
  2792 | D:4      | Killed Natasha
  3095 | D:4      | Noticed Natasha
  3099 | D:4      | Killed Natasha
  3152 | D:4      | Reached skill level 5 in Maces & Flails
  3180 | D:4      | Noticed Blork the orc
  3193 | D:4      | Killed Blork the orc
  3194 | D:4      | Reached XP level 7. HP: 47/60 MP: 7/7
  3581 | D:4      | Found a runed translucent door.
  3582 | D:4      | Noticed Crazy Yiuf
  3591 | D:4      | Killed Crazy Yiuf
  3651 | D:5      | Entered Level 5 of the Dungeon
  3707 | D:5      | Reached skill level 6 in Maces & Flails
  3707 | D:5      | Found a staircase to the Ecumenical Temple.
  3735 | Temple   | Entered the Ecumenical Temple
  3855 | D:5      | Noticed Pikel
  3871 | D:5      | Killed Pikel
  3872 | D:5      | Reached skill level 7 in Maces & Flails
  3872 | D:5      | Reached XP level 8. HP: 59/70 MP: 8/8
  3907 | D:5      | Found a shimmering blue altar of Sif Muna.
  4179 | D:5      | Found a shimmering altar of Xom.
  4191 | D:5      | Reached skill level 8 in Maces & Flails
  4221 | D:5      | Reached skill level 5 in Fighting
  4246 | D:5      | Noticed Ijyb
  4272 | D:5      | Killed Ijyb
  5045 | D:6      | Reached XP level 9. HP: 70/79 MP: 9/9
  5126 | D:6      | Found a runed translucent gate.
  5126 | D:6      | Found a runed translucent gate.
  5126 | D:6      | Found a runed translucent gate.
  5132 | D:6      | Reached skill level 5 in Armour
  5455 | D:6      | Noticed bezhaha's ghost (novice OgWr)
  5782 | D:6      | Reached skill level 9 in Maces & Flails
  6554 | D:7      | Reached skill level 1 in Evocations
  7358 | D:8      | Noticed Gastronok
  7445 | D:8      | Noticed a two-headed ogre
  7458 | D:8      | Killed a two-headed ogre
  7459 | D:8      | Reached skill level 10 in Maces & Flails
  7459 | D:8      | Reached XP level 10. HP: 15/88 MP: 10/10
  7924 | D:8      | Found a runed translucent gate.
  7924 | D:8      | Found a runed translucent gate.
  7924 | D:8      | Found a runed translucent gate.
  7925 | D:8      | Found an opulent altar of Gozag.
  7926 | D:8      | Noticed toympanos's ghost (novice HuCA)
  7927 | D:8      | Noticed a fire crab
  8515 | D:9      | Noticed a two-headed ogre
  8523 | D:9      | Killed a two-headed ogre
  8524 | D:9      | Reached skill level 5 in Evocations
  8619 | D:9      | Found a sacrificial altar of Ru.
  8623 | D:9      | Found a snail-covered altar of Cheibriados.
  8703 | D:8      | Noticed a black mamba
  8795 | Temple   | Became a worshipper of Warmaster Okawaru
  9074 | D:9      | Reached skill level 1 in Invocations
  9292 | D:9      | Found a staircase to the Orcish Mines.
  9759 | D:9      | Found a hazy altar of Hepliaklqana.
  9761 | D:9      | Found a sparkling altar of Nemelex Xobeh.
  9761 | D:9      | Found a glowing golden altar of the Shining One.
  9761 | D:9      | Found an opulent altar of Gozag.
  9761 | D:9      | Found a blossoming altar of Fedhas.
  9763 | D:9      | Found a white marble altar of Elyvilon.
  9764 | D:9      | Found a hide-covered altar of Uskayaw.
  9765 | D:9      | Found a stormy altar of Qazlal.
 10039 | D:10     | Entered Level 10 of the Dungeon
 10039 | D:10     | You fall into a shaft and drop 1 floor!
 10202 | D:10     | Found Bihuev Neorch's Distillery.
 10375 | D:10     | Reached * piety under Okawaru
 10538 | D:10     | Identified the +0 ring mail of Cerij {Str+7 Slay+2}
 10769 | D:10     | Found a radiant altar of Vehumet.
 10813 | D:11     | Reached skill level 11 in Maces & Flails
 10871 | D:11     | Slain by a komodo dragon

Illustrated notes

Levels and vault maps discovered:
D:1:      dpeg_arrival_subterranean_lakeside_camping, layout_loops_ring,
          hellmonk_ecumenical_altar_slurped_away,
          hangedman_abyss_or_decor_lesser_grid
D:2:      layout_rooms, uniq_robin, uniq_sigmund
D:3:      cheibrodos_helix_gallery, layout_basic,
          lemuel_zombie_altar_yredelemnul
D:4:      layout_gridville, uniq_crazy_yiuf_cottage, uniq_natasha,
          uniq_blork_the_orc
D:5:      layout_loops_ring, kennysheep_orc_sif_temple, led_xom_imps,
          minmay_temple_entry_drinking_statues, uniq_pikel, uniq_ijyb
D:6:      layout_layer_cave, gammafunk_ghost_icy
D:7:      layout_loops_ring
D:8:      layout_rooms, ebering_ghost_gozag, uniq_gastronok
D:9:      layout_basic, minitemple, erik_orc_1
D:10:     layout_rooms, mainiacjoe_overflow_alcove_4, serial_shops,
          nicolae_shop_trees
D:11:     layout_irregular_city, erik_lair_island
Temple:   hellmonk_temple_micro_hex

Skill      XL: |  1  2  3  4  5  6  7  8  9 10 |
---------------+-------------------------------+-----
Polearms       | 2 3 |  3.7
Maces & Flails | 3 5 7 8 10 11 | 11.1
Fighting       | 3 4 5 6 7 |  7.0
Armour         | 4 6 |  6.0
Evocations     | 4 6 |  6.0
Invocations    | 4 |  4.1
Shields        | |  3.5

Action                     |  1- 3 |  4- 6 |  7- 9 | 10-12 || total
---------------------------+-------+-------+-------+-------++-------
  Melee: Trident           |   107 |     2 |       |       ||   109
         Tailslap          |     6 |    18 |    48 |    43 ||   115
         Whip              |       |   178 |   318 |   275 ||   771
  Evoke: Wand              |       |       |     5 |       ||     5
    Use: Potion            |       |     1 |       |     2 ||     3
         Scroll            |       |     1 |     6 |     4 ||    11
   Stab: Paralysed         |       |       |     7 |       ||     7
 Armour: Scale mail        |    59 |    89 |       |       ||   148
         Chain mail        |       |    12 |     6 |       ||    18
         Plate armour      |       |       |   106 |   116 ||   222
  Dodge: Dodged            |    37 |    62 |    39 |    52 ||   190
  Block: Buckler           |    11 |    33 |    44 |    34 ||   122

Table legend: (Time is in decaauts)
 A = Elapsed time spent in this place.
 B = Non-inter-level travel time spent in this place.
 C = Inter-level travel time spent in this place.
 D = Time resting spent in this place.
 E = Time spent auto-exploring this place.
 F = Levels seen in this place.
 G = Mean time per level.
                   A        B        C        D        E       F      G
               +--------+--------+--------+--------+--------+-----+--------+
         Total |  10704 |   9966 |    738 |   1502 |   5460 |  12 |  892.0 |
       Dungeon |  10615 |   9891 |    724 |   1502 |   5388 |  11 |  965.0 |
        Temple |     89 |     75 |     14 |      0 |     72 |   1 |   89.0 |
               +--------+--------+--------+--------+--------+-----+--------+

Top non-repeatable levels by time:
     D:9: 1638 daAuts
     D:6: 1496 daAuts
     D:5: 1279 daAuts
     D:3: 1222 daAuts
     D:1: 965 daAuts
     D:7: 913 daAuts
     D:4: 872 daAuts
     D:8: 833 daAuts
     D:2: 603 daAuts
    D:10: 560 daAuts
    D:11: 231 daAuts
  Temple: 89 daAuts
